 Dungeon Crawl Stone Soup version 0.32-a0-12-g7fc57aa741 (webtiles) character file.

Game seed: 5312507503253057976

63 mandarbmax the Ruffian (level 3, -2/43 HPs)
             Began as a Draconian Shapeshifter on Jan 14, 2024.
             Slain by a gnoll
             ... wielding a +0 flail
             ... led by a gnoll bouda
              (6 damage)
             ... on level 4 of the Dungeon.
             The game lasted 00:02:27 (987 turns).

mandarbmax the Ruffian (Draconian Shapeshifter)      Turns: 987, Time: 00:02:28

Health: -2/43      AC: 21    Str: 18    XL:     3   Next: 89%
Magic:  3/3        EV:  2    Int: 10    God:
Gold:   52         SH:  0    Dex: 10    Spells: 2/2 levels left

rFire   . .          .
                       - Unarmed
rCold   . . .        (no shield)
rNeg    . . .        (body armour unavailable)
rPois   +            (helmet currently unavailable)
rElec   .            (cloak currently unavailable)
rCorr   .            (gloves currently unavailable)
SInv    .            (boots currently unavailable)
Will    .....        (no amulet)
Stlth   +            (no ring)
HPRegen 0.27/turn    (no ring)
MPRegen 0.08/turn

%: no passive effects
@: tree-form, weakened
A: stationary, stasis, torment immunity, boosted hp, AC +5, unfitting armour,
(cold-blooded)
a: no special abilities


You were on level 4 of the Dungeon.
You were a tree.
You visited 1 branch of the dungeon, and saw 3 of its levels.

You collected 52 gold pieces.

Inventory:

Armour
 h - a +0 pair of boots
Talismans
 b - a beast talisman
 c - a flux talisman
Scrolls
 d - a scroll of butterflies {unknown}
 e - 2 scrolls of identify {unknown}
 f - 3 scrolls of poison {unknown}
 g - a scroll of enchant armour {unknown}
 i - a scroll of blinking {unknown}
 j - a scroll of noise {unknown}
Potions
 a - 3 potions of lignification
 k - 2 potions of curing {unknown}


   Skills:
 + Level 2.1 Fighting
 - Level 2.0 Dodging
 * Level 4.0 Unarmed Combat
 + Level 3.4 Shapeshifting


You had 2 spell levels left.
You didn't know any spells.
Your spell library was empty.

Dungeon Overview and Level Annotations

Branches:
Dungeon (2/15)

Altars:
Dithmenos


Innate Abilities, Weirdness & Mutations

You are a tree.
Your roots penetrate the ground, keeping you stationary.
You cannot be teleported.
You are immune to unholy pain and torment.
Your maximum health is greatly increased.
Your equipment is partially melded.
((Your plain brown scales are hard. (AC +5)))
You cannot fit into any form of body armour.
((You are cold-blooded and may be slowed by cold attacks.))


Message History

You hit the gnoll.
The gnoll is moderately wounded.
A gnoll comes into view. It is wielding a +0 whip.
The gnoll bouda gazes fiercely through you!
You feel your attacks grow feeble.
A gnoll comes into view. It is wielding a +0 spear.
You closely miss the gnoll. You punch the gnoll.
The gnoll is heavily wounded.
The gnoll hits you with a +0 flail.
You hit the gnoll.
The gnoll is almost dead.
A gnoll comes into view. It is wielding a +0 flail.
The gnoll bouda gazes fiercely through you!
You feel as though you will be weak longer.
The gnoll hits you with a +0 flail!
You are too injured to fight recklessly!
You are too injured to fight recklessly!
You are too injured to fight recklessly!
You are too injured to fight recklessly!
You are too injured to fight recklessly!
You are too injured to fight recklessly!
You are too injured to fight recklessly!
You are too injured to fight recklessly!
You are too injured to fight recklessly!
Unknown command.
The gnoll throws a throwing net.
The throwing net hits you.
You become entangled in the net!
The gnoll bouda barks out a call to the hunt!
The gnolls pick up the pace!
The gnoll hits you with a +0 flail!
* * * LOW HITPOINT WARNING * * *
You hear a shout!
You see here a throwing net.
You struggle against the net.
The gnoll hits you with a +0 flail.
* * * LOW HITPOINT WARNING * * *
Unknown command.
Your transformation has ended.
You turn into a tree.
Your roots penetrate the ground.
The net rips apart!
The gnoll hits you with a +0 flail.
You die... .# ..g . gg#

#. #.#
.##g####
......#
##.g...+
##..g8..+
##..g....+
#....♣...#
+.....#####
#.........#
##.......##
##.....##
##...##
##+##


You could see a gnoll bouda and 5 gnolls.

Vanquished Creatures
  2 adders (D:2)
  A ribbon worm (D:2)
  5 ball pythons
  6 bats
  5 endoplasms
  2 giant cockroaches
  2 goblins (D:1)
  3 hobgoblins (D:2)
  4 jackals (D:1)
  A kobold (D:1)
  A quokka (D:1)
  A frilled lizard (D:2)
  8 rats
41 creatures vanquished.

Notes
Turn   | Place    | Note
-------+----------+-------------------------------------------
     0 | D:1      | mandarbmax the Draconian Shapeshifter began the quest for
                  | the Orb.
     0 | D:1      | Reached XP level 1. HP: 16/16 MP: 1/1
   256 | D:1      | Reached XP level 2. HP: 20/23 MP: 2/2
   750 | D:2      | Reached XP level 3. HP: 25/29 MP: 3/3
   848 | D:2      | Found a shadowy altar of Dithmenos.
   914 | D:2      | Reached skill level 4 in Unarmed Combat
   959 | D:2      | Identified the +10 spear "Mud Pie of Death" {heavy, rC+
                  | Str+3}
   976 | D:2      | You fall into a shaft and drop 2 floors!
   987 | D:4      | Slain by a gnoll

Illustrated notes

Levels and vault maps discovered:
D:1:      minmay_arrival_open_corners, layout_basic
D:2:      layout_basic, basic_altar, minmay_tromino_v7
D:4:      layout_loops_corners, trog_ov_bears_minmay, slow_altar_2, uniq_edmund

Skill      XL: |  1  2  3 |
---------------+----------+-----
Dodging        | 2 |  2.0
Fighting       | 2 |  2.1
Unarmed Combat | 4 |  4.0
Shapeshifting  | |  3.4

Action                     || total
---------------------------++-------
  Melee: Unarmed           ||   116
         Tailslap          ||    10
         Punch             ||     5
    Use: Potion            ||     1
 Armour: Skin              ||    72
  Dodge: Dodged            ||    75

Table legend: (Time is in decaauts)
 A = Elapsed time spent in this place.
 B = Non-inter-level travel time spent in this place.
 C = Inter-level travel time spent in this place.
 D = Time resting spent in this place.
 E = Time spent auto-exploring this place.
 F = Levels seen in this place.
 G = Mean time per level.
                   A        B        C        D        E       F      G
               +--------+--------+--------+--------+--------+-----+--------+
         Total |    985 |    965 |     20 |     55 |    669 |   3 |  328.3 |
       Dungeon |    985 |    965 |     20 |     55 |    669 |   3 |  328.3 |
               +--------+--------+--------+--------+--------+-----+--------+

Top non-repeatable levels by time:
     D:1: 727 daAuts
     D:2: 247 daAuts
     D:4: 10 daAuts
